Map: Old Republic LE

Players

Daniel - Winner!

  • Race: Terran Terran
  • Spawn Location: 1:00

HoldTheDoor

  • Race: Protoss Protoss
  • League: Diamond
  • Spawn Location: 7:00

VOD

Have the link to the VOD?

Description

Time

  • Played on: May 11, 2026, 9:51 a.m.
  • Length: 17:35
Show
View Real Time Build Order
Export as new Build Order

Daniel Terran - Winner!

Build Orders: Reaper Expand 

Get SALT Encoding   

  12  0:00  SCV  
  13  0:12  SCV  
  14  0:17  Supply Depot  
  14  0:24  SCV  
  15  0:38  SCV  
  15  0:40  Barracks  
  16  0:47  Refinery  
  16  0:50  SCV  
  17  1:02  SCV  
  18  1:20  Supply Depot  
  18  1:30  SCV  
  19  1:36  Command Center  
  19  1:46  Reaper  
  20  1:49  Orbital Command  
  20  2:10  Refinery  
  20  2:16  SCV  
  20  2:22  Supply Depot  
  21  2:25  Barracks Reactor  
  21  2:30  SCV  
  22  2:42  SCV  
  23  2:51  Factory  
  23  2:54  SCV  
  24  3:04  Bunker  
  24  3:06  SCV  
  25  3:13  Orbital Command  
  25  3:18  SCV  
  26  3:29  Marine  
  26  3:30  Marine, SCV  
  28  3:37  Factory Tech Lab  
  28  3:39  Starport  
  28  3:44  SCV x2  
  30  3:48  Marine, Command Center  
  30  3:49  Marine  
  30  3:53  Engineering Bay  
  32  3:56  SCV x2  
  32  4:00  Siege Tank  
  38  4:10  SCV x2  
  38  4:12  Marine  
  38  4:13  Supply Depot, Marine  
  41  4:21  Terran Infantry Weapons Level 1  
  41  4:22  Starport Tech Lab  
  41  4:23  SCV x2  
  43  4:30  Barracks  
  43  4:37  Marine x2  
  45  4:38  Siege Tank  
  45  4:41  SCV x2  
  50  4:47  Barracks  
  50  4:57  SCV x2  
  52  5:00  Marine x2  
  52  5:03  Orbital Command  
  54  5:11  Engineering Bay, Medivac  
  54  5:13  Armory, Siege Tank  
  59  5:25  SCV x2  
  61  5:28  Refinery  
  61  5:29  Refinery  
  61  5:31  Marine, Marauder  
  61  5:32  Marine  
  65  5:36  Barracks Tech Lab  
  65  5:38  SCV  
  65  5:39  SCV  
  65  5:40  SCV  
  65  5:41  Stimpack  
  68  5:59  Marine x2, Marauder x2  
  68  6:00  SCV  
  68  6:01  SCV x2  
  68  6:03  Supply Depot  
  77  6:05  Orbital Command  
  77  6:07  Terran Infantry Armor Level 1  
  77  6:24  Marine, SCV x2, Siege Tank  
  83  6:25  Marine x2  
  83  6:29  Refinery  
  85  6:32  Supply Depot  
  85  6:34  Marauder, Supply Depot x2  
  85  6:36  Supply Depot, Terran Infantry Weapons Level 2, SCV x2  
  85  6:38  Barracks  
  85  6:39  Barracks  
  90  6:40  SCV  
  90  6:44  Marauder  
  92  6:48  SCV  
  92  6:52  Starport Reactor  
  92  6:54  Marine x2  
  93  6:55  SCV  
  93  6:56  SCV  
  93  7:00  Supply Depot  
  97  7:01  Marauder  
  97  7:02  Supply Depot, Siege Tank  
  97  7:05  SCV, Marauder  
  97  7:08  SCV  
  106  7:20  SCV x3  
  109  7:23  Sensor Tower  
  109  7:26  Refinery  
  109  7:28  Marine  
  109  7:29  Barracks Reactor x2  
  110  7:31  Marauder x2  
  110  7:32  SCV x3  
  117  7:41  Marine  
  118  7:44  SCV x2  
  120  7:52  Sensor Tower, Medivac x2, Marauder x2  
  120  7:54  Siege Tank, Marine  
  120  7:55  SCV  
  120  7:56  SCV  
  134  7:59  Marine  
  134  8:00  Command Center  
  134  8:02  Terran Infantry Armor Level 2  
  135  8:09  SCV x3  
  135  8:10  Starport  
  138  8:15  Terran Ship Weapons Level 1  
  138  8:18  Marine  
  138  8:19  Marine x5, Marauder x2  
  148  8:29  Supply Depot  
  148  8:34  Supply Depot  
  148  8:35  Supply Depot x2  
  148  8:38  Marine  
  148  8:39  Barracks  
  149  8:42  Barracks  
  149  8:46  Marine x2, Medivac x2, SCV  
  149  8:48  Starport Reactor  
  156  8:49  Starport  
  156  8:53  Terran Infantry Weapons Level 3  
  156  8:54  SCV  
  156  8:55  Armory  
  157  9:01  Marauder, Ghost Academy  
  159  9:16  Command Center  
  159  9:25  Engineering Bay  
  159  9:27  Engineering Bay  
  159  9:28  Engineering Bay, Marine x2  
  159  9:29  Barracks Tech Lab x2  
  159  9:30  Marauder  
  159  9:31  Marauder  
  165  9:32  Starport Reactor  
  165  9:34  Liberator  
  168  9:41  Liberator x2  
  168  9:44  Planetary Fortress  
  174  9:52  Marauder  
  176  9:58  Command Center  
  176  10:03  Medivac  
  178  10:11  Marine  
  178  10:12  Marine x3, Marauder x2  
  178  10:13  Marauder, Marine  
  189  10:17  Medivac  
  191  10:24  Medivac  
  193  10:30  Marine  
  193  10:31  Marine x3, Marauder  
  187  11:06  Marine  
  187  11:07  Marine x2, Marauder x2  
  187  11:08  Marauder x2  
  194  11:29  Marauder  
  187  11:52  Marine x6, Marauder  
  187  11:53  Marauder x2  
  196  11:54  Marine  
  197  12:07  Terran Infantry Armor Level 3  
  197  12:08  Terran Ship Weapons Level 2  
  197  12:09  Marine x2, Terran Vehicle And Ship Armor Level 1  
  197  12:10  Marine  
  196  12:31  Marine x2  
  196  12:32  Marauder  
  200  12:44  Planetary Fortress  
  200  12:47  Missile Turret  
  200  12:49  Missile Turret  
  200  12:50  Missile Turret  
  200  12:51  Missile Turret  
  200  12:52  Sensor Tower  
  200  12:58  Refinery  
  200  13:00  Planetary Fortress  
  200  13:01  Refinery  
  175  13:30  Medivac x3  
  175  13:31  Ghost, Marauder x3  
  175  13:33  Marine x6  
  195  13:35  Liberator  
  198  13:51  Marine x2  
  200  14:00  Marauder  
  192  14:16  Marine x5  
  192  14:17  Marauder x2  
  192  14:20  Marine x2  
  192  14:21  Marauder  
  195  14:45  Neosteel Armor  
  165  15:31  Marine x5  
  165  15:32  Marine x3, Marauder x2  
  152  15:38  Medivac x4  
  152  15:39  Medivac x2  
  148  15:49  Marine x6  
  153  15:50  Marauder x2  
  153  15:53  Marauder  
  153  15:54  Marauder  
  160  16:07  Marine x2, Command Center  
  160  16:08  Medivac x3  
  166  16:11  Marauder  
  166  16:16  Marine, Medivac x2  
  166  16:17  Marine x3  
  166  16:18  Marauder  
  169  16:19  Command Center  
  169  16:22  Marauder  
  169  16:23  Marauder  
  169  16:24  Marine x2  
  167  16:33  Marauder  
  167  16:34  Marine x2  
  167  16:35  Marine x2  
  167  16:39  Marauder  
  167  16:42  Marine x2  
  167  16:43  Marauder  
  167  16:44  Marauder  
  163  16:51  Marine  
  163  16:52  Marine x3  
  153  16:54  Marauder  
  153  16:57  Viking x6  
  153  17:00  Marine x2, Marauder  
  168  17:05  Marauder  
  168  17:06  Marauder  
  172  17:09  Marine  
  172  17:10  Marine x3  
Show
View Real Time Build Order
Export as new Build Order

HoldTheDoor Protoss 

Build Orders: 1 Gate Expand 

Get SALT Encoding   

  12  0:00  Probe  
  13  0:12  Probe  
  14  0:17  Pylon  
  14  0:24  Probe  
  15  0:32  Probe  
  15  0:38  Gateway  
  15  0:40  Probe  
  16  0:49  Assimilator  
  17  0:51  Probe  
  18  1:03  Probe  
  19  1:07  Pylon  
  19  1:15  Probe  
  20  1:27  Probe  
  21  1:35  Nexus  
  21  1:36  Cybernetics Core  
  21  1:39  Probe  
  22  1:52  Assimilator  
  22  1:56  Pylon  
  22  1:59  Probe  
  23  2:08  Adept  
  23  2:10  Warp Gate  
  23  2:14  Probe  
  26  2:23  Shield Battery  
  26  2:26  Probe  
  27  2:38  Probe  
  27  2:43  Adept  
  30  2:49  Probe  
  30  2:50  Probe  
  32  2:54  Robotics Facility  
  32  3:01  Probe  
  32  3:03  Probe  
  34  3:05  Gateway  
  34  3:13  Probe  
  34  3:16  Shield Battery  
  35  3:30  Probe x2  
  37  3:39  Twilight Council, Pylon  
  37  3:42  Probe x2  
  37  3:45  Immortal  
  43  3:48  Assimilator  
  43  3:51  Pylon  
  43  3:54  Probe  
  44  3:59  Pylon  
  44  4:00  Zealot x2  
  44  4:02  Probe  
  49  4:08  Probe  
  50  4:12  Charge  
  50  4:14  Probe  
  51  4:20  Probe, Assimilator  
  51  4:24  Pylon, Sentry  
  52  4:25  Sentry  
  52  4:26  Probe  
  57  4:32  Probe  
  57  4:34  Observer  
  59  4:44  Probe  
  60  4:46  Probe  
  61  4:56  Probe, Immortal  
  66  5:02  Robotics Bay  
  66  5:04  Probe, Pylon  
  67  5:08  Pylon  
  67  5:13  Probe  
  68  5:16  Probe  
  69  5:23  Zealot  
  69  5:24  Zealot  
  69  5:25  Probe  
  74  5:31  Gateway  
  74  5:33  Gateway  
  74  5:36  Forge  
  74  5:37  Probe  
  74  5:38  Pylon  
  74  5:41  Protoss Ground Weapons Level 1  
  74  5:42  Observer  
  76  5:50  Nexus  
  76  5:52  Pylon  
  76  5:54  Probe  
  76  5:55  Pylon  
  77  6:01  Probe, Stargate  
  78  6:06  Probe  
  78  6:07  Sentry  
  78  6:08  Zealot  
  83  6:18  Colossus  
  89  6:27  Templar Archives, Pylon  
  89  6:36  Probe x2  
  91  6:41  Extended Thermal Lance  
  91  6:48  Forge  
  91  6:49  Phoenix  
  93  6:55  Blink  
  93  7:01  Photon Cannon, Shield Battery  
  93  7:03  Shield Battery  
  93  7:06  Photon Cannon  
  93  7:07  Pylon  
  93  7:08  Probe x2  
  95  7:11  Protoss Ground Armor Level 1, Probe  
  96  7:19  Colossus, Protoss Ground Weapons Level 2  
  102  7:23  Probe x2  
  102  7:24  Probe  
  102  7:26  Zealot  
  102  7:29  Zealot  
  109  7:31  Zealot  
  109  7:34  Zealot  
  109  7:36  Probe  
  114  7:39  Psionic Storm  
  114  7:52  Assimilator  
  114  7:54  Assimilator  
  114  7:55  Pylon  
  114  8:01  Probe x2  
  114  8:02  Probe  
  117  8:11  Fleet Beacon  
  117  8:12  Pylon  
  117  8:13  Photon Cannon  
  117  8:18  Photon Cannon  
  117  8:30  Photon Cannon  
  117  8:33  Pylon  
  117  8:35  Colossus  
  117  8:38  Photon Cannon  
  117  8:39  Photon Cannon  
  117  8:41  Phoenix, Photon Cannon  
  119  8:43  Shield Battery x2  
  125  8:50  High Templar  
  125  8:51  High Templar  
  129  9:07  Nexus  
  129  9:10  Pylon  
  129  9:12  Pylon  
  129  9:15  High Templar  
  129  9:16  High Templar, Pylon  
  133  9:17  Protoss Ground Armor Level 2  
  133  9:21  Pylon  
  133  9:23  Pylon  
  133  9:29  Gateway  
  133  9:31  Gateway  
  133  9:36  High Templar x2  
  137  9:43  Probe x2  
  139  9:49  Colossus  
  145  10:04  Carrier  
  151  10:07  Gateway  
  151  10:09  Gateway  
  151  10:11  Gateway x2  
  151  10:19  Assimilator, Stargate  
  151  10:23  Assimilator  
  151  10:25  Photon Cannon  
  151  10:27  Photon Cannon  
  151  10:29  Photon Cannon  
  151  10:31  Photon Cannon  
  151  10:33  Zealot x4, Photon Cannon  
  148  10:48  Zealot x2  
  131  11:03  Probe x3  
  134  11:10  Photon Cannon  
  134  11:19  Zealot  
  134  11:21  Zealot x5  
  146  11:27  Zealot x2  
  146  11:28  Zealot x2  
  150  11:53  Probe x2  
  152  12:00  Photon Cannon, Stalker x4  
  152  12:01  Stalker x3, Photon Cannon  
  164  12:04  Photon Cannon  
  164  12:06  Photon Cannon  
  164  12:07  Pylon  
  166  12:10  Photon Cannon  
  166  12:11  Pylon, Probe  
  166  12:12  Photon Cannon  
  167  12:16  Stalker  
  169  12:29  Probe x2  
  162  12:30  Probe  
  163  12:41  Probe  
  163  12:42  Probe x2, Nexus  
  166  12:52  High Templar x4  
  166  12:53  Probe  
  166  12:54  Probe x2  
  166  12:56  Archon x2  
  175  13:06  Probe x3  
  126  13:29  Tempest  
  126  13:33  Tempest  
  134  13:50  Stalker  
  134  13:51  Stalker x9  
  136  14:21  Tempest  
  136  14:22  Tempest  
  144  14:26  Probe, Pylon  
  144  14:28  Pylon  
  145  14:34  Probe  
  145  14:36  Photon Cannon  
  145  14:38  Probe, Photon Cannon  
  147  14:39  Pylon  
  147  14:43  Zealot x4, Pylon  
  155  14:47  Pylon  
  155  14:50  Shield Battery  
  155  14:59  Probe  
  154  15:01  Photon Cannon x2  
  154  15:03  Photon Cannon  
  154  15:11  Pylon  
  146  15:24  Stalker x3  
  109  15:40  Stalker  
  109  15:42  High Templar x3  
  107  15:43  High Templar  
  107  15:46  Archon x2  
  107  16:23  Nexus  
Tags
 
Add a new tag
Caveats
  • Supply blocks, unpowered buildings, or Contaminate may cause inaccurate times.
  • Supply counts are checked every 10 seconds.